 Dungeon Crawl Stone Soup version 0.20.0-7-g3b7b877 (webtiles) character file.

199 Jumperg the Shooter (level 5, -11/40 HPs)
             Began as a Centaur Arcane Marksman on May 29, 2017.
             Was an Initiate of Okawaru.
             Killed by divine providence
             ... invoked by an orc priest
              (14 damage)
             ... on level 9 of the Dungeon.
             The game lasted 00:29:50 (2587 turns).

Jumperg the Shooter (Centaur Arcane Marksman)       Turns: 2587, Time: 00:29:51

Health: -11/40     AC:  5    Str: 13    XL:     5   Next: 48%
Magic:  8/8        EV: 10    Int: 13    God:    Okawaru [......]
Gold:   109        SH:  0    Dex:  9    Spells: 4/8 levels left

rFire    . . .     SeeInvis .   B - +1 short sword (protect)
rCold    . . .     Gourm    .   (no shield)
rNeg     . . .     Faith    .   e - +0 robe
rPois    .         Spirit   .   (no helmet)
rElec    .         Reflect  .   (no cloak)
rCorr    .         Harm     .   t - +0 pair of gloves
MR       .....                  (no barding)
Stlth    +.........             (no amulet)
Regen    0.2/turn               (no ring)
MPRegen  0.2/turn               (no ring)

@: lethally poisoned (-11 -> -23), very quick
A: hooves 3, deformed body, speed 2, tough skin 3
a: Renounce Religion


You were on level 9 of the Dungeon.
You worshipped Okawaru.
Okawaru was noncommittal.
You were not hungry.

You visited 1 branch of the dungeon, and saw 6 of its levels.

You collected 109 gold pieces.

Inventory:

Hand Weapons
 a - a +0 shortbow
 b - a +0 spear
 g - a +0 hunting sling
 B - a +1 short sword of protection (weapon)
Missiles
 d - 38 arrows
 k - 18 poisoned needles
 l - 5 stones (quivered)
 x - 28 sling bullets
Armour
 e - a +0 robe (worn)
 t - a +0 pair of gloves (worn)
Jewellery
 h - an uncursed ring of protection from fire {unknown}
 i - an uncursed ring of fire {unknown}
 v - a cursed ring of teleportation {unknown}
Scrolls
 m - a scroll of enchant weapon {unknown}
 p - 4 scrolls of identify {unknown}
 r - a scroll of random uselessness {unknown}
 s - a scroll of teleportation {unknown}
 w - a scroll of remove curse {unknown}
 y - 2 scrolls of magic mapping {unknown}
Potions
 o - a potion of flight {unknown}
 u - a potion of heal wounds {unknown}
 z - a potion of mutation {unknown}
 A - a potion of agility {unknown}
Books
 c - a book of Debilitation

   Spells                             Type                      Level
   a - Corona                         Hexes                        1
   b - Slow                           Hexes                        2
   c - Inner Flame                    Hexes/Fire                   3
   d - Portal Projectile              Hexes/Translocation          3
   e - Cause Fear                     Hexes                        4
   f - Leda's Liquefaction            Hexes/Earth                  4
Comestibles
 f - 2 bread rations
 n - 2 meat rations
 q - 2 royal jellies
 C - 2 fruits


   Skills:
 - Level 1.0 Fighting
 + Level 4.5 Bows
 - Level 2.0 Dodging
 + Level 2.1 Spellcasting
 + Level 4.0 Hexes


You had 4 spell levels left.
You knew the following spells:

 Your Spells              Type           Power        Failure   Level  Hunger
a - Corona                Hex            ##.....      4%          1    ##.....
b - Portal Projectile     Hex/Tloc       #.....       32%         3    ####...


Dungeon Overview and Level Annotations

Branches:
Dungeon (9/15)
 Temple: D:4-7         Lair: D:8-11         Orc: D:9-12

Altars:
Okawaru

Annotations:
D:8 Erica


Innate Abilities, Weirdness & Mutations

You have hooves in place of feet.
Armour fits poorly on your strangely shaped body.
You cover ground very quickly.
You have extremely tough skin. (AC +3)


Message History

Deactivating autopickup; reactivate with Ctrl-A.
You climb downwards.
There is a stone staircase leading up here.
You hear some strange, mumbled words.
A bolt of poison appears from out of thin air!
The bolt of poison hits you!
You are poisoned.
Ouch! That really hurt!
* * * LOW HITPOINT WARNING * * *
An orc, an orc priest and an orc wizard come into view.
* * * LOW HITPOINT WARNING * * *
You feel sick.
The orc wizard shouts!
The orc shouts!
The orc priest miscasts a cantrip.
An orc comes into view. It is wielding a dagger.
* * * LOW HITPOINT WARNING * * *
You feel sick.
The orc priest invokes the aid of Beogh against you.
Beogh smites you!
You die...

#.##.....# #.#
#.####..## #.# #.#
#..# #.# #.# #.# #..#
#.# #รท# #.# #..# #.#
#.# .%#.####.####<{#
#.# #.#
#.......#......# #.#
#.#
###.####.#####.#####.#
#.#
##.....@....o.o#####.#
#...####.....oo......#
#.#.# ###############
#.#.# #.#.# #.#.#
#####


You could see an orc priest, an orc wizard and 2 orcs.

Vanquished Creatures
  2 bullfrogs (D:9)
  An adder (D:2)
  An ooze (D:1)
  2 worms
  3 dart slugs
  2 leopard geckos (D:1)
  A ball python (D:1)
  3 bats
  5 giant cockroaches
  9 goblins
  8 hobgoblins
  A jackal (D:2)
  5 kobolds
  2 frilled lizards
  2 rats (D:1)
  A bush (D:1)
48 creatures vanquished.

Vanquished Creatures (others)
  A centaur (D:9)
1 creature vanquished.

Grand Total: 49 creatures vanquished

Notes
Turn   | Place    | Note
-------+----------+-------------------------------------------
     0 | D:1      | Jumperg the Centaur Arcane Marksman began the quest for the Orb.
     0 | D:1      | Reached XP level 1. HP: 16/16 MP: 2/2
   203 | D:1      | Reached XP level 2. HP: 16/23 MP: 3/3
   773 | D:1      | You fall through a shaft!
   785 | D:2      | Reached XP level 3. HP: 22/28 MP: 2/4
   971 | D:1      | Found an iron altar of Okawaru.
   999 | D:1      | Became a worshipper of Warmaster Okawaru
  1296 | D:2      | Learned a level 3 spell: Portal Projectile
  1732 | D:2      | Reached XP level 4. HP: 32/35 MP: 6/6
  2076 | D:3      | You fall through a shaft for 3 floors!
  2078 | D:6      | You fall through a shaft for 3 floors!
  2084 | D:9      | Killed a centaur
  2090 | D:9      | Noticed a bullfrog
  2094 | D:9      | Noticed a bullfrog
  2114 | D:9      | Killed a bullfrog
  2114 | D:9      | Reached XP level 5. HP: 3/40 MP: 7/7
  2581 | D:8      | Noticed Erica
  2587 | D:9      | Killed from afar by an orc priest

Skill      XL: |  1  2  3  4  5 |
---------------+----------------+-----
Hexes          | 3 4 |  4.0
Bows           | 3 4 |  4.5
Dodging        | 2 |  2.0
Spellcasting   | 2 |  2.1
Fighting       | |  1.0

Action                   |  1- 3 |  4- 6 || total
-------------------------+-------+-------++-------
Melee: Spear             |   269 |    24 ||   293
       Kick              |    82 |     1 ||    83
 Fire: Shortbow          |    67 |    26 ||    93
       Hunting sling     |    15 |     7 ||    22
Throw: Stone             |       |     1 ||     1
 Cast: Corona            |     5 |     4 ||     9
  Eat: Chunk             |     2 |     2 ||     4
       Fruit             |       |     1 ||     1
Armor: Robe              |    27 |     7 ||    34
Dodge: Dodged            |    46 |    20 ||    66
